 Dungeon Crawl Stone Soup version 0.24.0-13-gcf9b3192b9 (webtiles) character file.

Game seed: 16512763909682704983, levelgen mode: deterministic

5025 Mrkan the Spear-Bearer (level 10, 0/79 HPs)
             Began as a Merfolk Summoner on Nov 8, 2019.
             Was an Elder of Fedhas.
             Slain by a black mamba (4 damage)
             ... on level 1 of the Lair of Beasts.
             The game lasted 00:37:16 (13563 turns).

Mrkan the Spear-Bearer (Merfolk Summoner)          Turns: 13563, Time: 00:37:17

Health: 0/79       AC:  7    Str: 10    XL:     10   Next: 55%
Magic:  16/19      EV: 17    Int: 16    God:    Fedhas [****..]
Gold:   258        SH:  0    Dex: 15    Spells: 11/21 levels left

rFire    . . .     SeeInvis +   s - +1 scythe
rCold    + . .     Gourm    .   (shield currently unavailable)
rNeg     . . .     Faith    .   n - +1 leather armour
rPois    +         Spirit   .   i - +1 helmet of Fortification {rElec rC+}
rElec    +         Reflect  .   (no cloak)
rCorr    .         Harm     .   d - +0 pair of gloves
MR       .....                  (no boots)
Stlth    ++........             p - amulet of magic regeneration
HPRegen  0.23/turn              t - ring of poison resistance
MPRegen  0.41/turn              D - ring of see invisible

@: lethally poisoned (0 -> -30), very slightly contaminated
A: change form in water, swift swim, stealthy swim
a: Wall of Briars, Grow Ballistomycete, Overgrow, Renounce Religion


You were on level 1 of the Lair of Beasts.
You worshipped Fedhas.
Fedhas was greatly pleased with you.
You were not hungry.

You visited 2 branches of the dungeon, and saw 10 of its levels.

You collected 505 gold pieces.
You spent 247 gold pieces at shops.

Inventory:

Hand Weapons
 k - a +4 short sword
 s - a +1 scythe (weapon)
Armour
 d - a +0 pair of gloves (worn)
 i - the +1 helmet of Fortification (worn) {rElec rC+}
   (You bought it in a shop on level 5 of the Dungeon)

   It protects you from cold.
   It insulates you from electricity.
 n - a +1 leather armour (worn)
Jewellery
 p - an amulet of magic regeneration (around neck)
 t - a ring of poison resistance (left hand)
 w - an uncursed amulet of the acrobat
 y - an uncursed ring of magical power
 D - a ring of see invisible (right hand)
Wands
 q - a wand of polymorph (7)
 u - a wand of random effects (28)
 C - a wand of paralysis (5)
 E - a wand of clouds (6)
Scrolls
 a - 3 scrolls of teleportation {unknown}
 e - a scroll of identify
 j - 3 scrolls of enchant weapon
 l - 2 scrolls of magic mapping
 m - a scroll of amnesia {unknown}
 o - 8 scrolls of remove curse
 v - 6 scrolls of enchant armour
 B - a scroll of fear
Potions
 b - a potion of might
 f - 3 potions of flight
 g - a potion of haste
 h - 2 potions of lignification
 r - 2 potions of mutation
 x - a potion of resistance
 z - a potion of brilliance {unknown}
 A - 2 potions of curing
Comestibles
 c - 19 rations
 F - a chunk of flesh


   Skills:
 - Level 7.0 Fighting
 + Level 9.4 Polearms
 + Level 9.2 Dodging
 - Level 2.1 Stealth
 - Level 6.0 Spellcasting
 + Level 5.7 Summonings
 - Level 5.0 Air Magic
 + Level 2.6 Invocations


You had 11 spell levels left.
You knew the following spells:

 Your Spells              Type           Power        Failure   Level  Hunger
a - Summon Small Mammal   Summ           ###.         1%          1    None
b - Call Imp              Summ           ###.....     2%          2    #......
c - Summon Lightning Spi  Summ/Air       ###.....     21%         4    ####...
d - Conjure Flame         Conj/Fire      #.......     50%         3    ##.....

Your spell library contained the following spells:

 Spells                   Type           Power        Failure   Level  Hunger
 Summon Butterflies       Summ           ###.....     1%          1    None
 Call Canine Familiar     Summ           ###.....     5%          3    ##.....
 Summon Guardian Golem    Hex/Summ       ##......     17%         3    ##.....
 Corona                   Hex            #......      19%         1    None
 Flame Tongue             Conj/Fire      #....        19%         1    None
 Ensorcelled Hibernation  Hex/Ice        #.....       28%         2    #......
 Throw Flame              Conj/Fire      #.....       28%         2    #......
 Confuse                  Hex            #.......     50%         3    ##.....
 Dazzling Spray           Conj/Hex       #.....       50%         3    ##.....
 Inner Flame              Hex/Fire       #.......     50%         3    ##.....
 Tukima's Dance           Hex            #.......     50%         3    ##.....
 Summon Ice Beast         Ice/Summ       ##......     50%         4    ####...
 Summon Mana Viper        Hex/Summ       ##......     85%         5    ######.
 Sticky Flame             Conj/Fire      #.......     88%         4    ####...
 Fireball                 Conj/Fire      #.........   99%         5    ######.
 Summon Hydra             Summ           ###.......   100%        7    #######


Dungeon Overview and Level Annotations

Branches:
Dungeon (9/15)             Temple (0/1) D:5            Lair (1/6) D:9
    Orc (0/2) D:9

Altars:
Ashenzari
Dithmenos
Elyvilon
Fedhas
Okawaru
Trog
Wu Jian
Xom
Yredelemnul
Zin

Shops:
D:4 !   D:5 ?}%[


Message History

Unknown command.
You slash the black mamba!
The black mamba is severely wounded.
You feel sick. The black mamba bites you!
* * * LOW HITPOINT WARNING * * *
The black mamba closely misses you.
Your crimson imp hits the black mamba but does no damage.
Your iron imp completely misses the black mamba.
The black mamba bites you.
* * * LOW HITPOINT WARNING * * *
You are more poisoned.
The black mamba poisons you!
Your crimson imp barely misses the black mamba.
You miss the black mamba.
The black mamba is severely wounded.
* * * LOW HITPOINT WARNING * * *
You feel very sick. The black mamba bites you.
You die...
Fedhas appreciates your contribution to the ecosystem.

#...... #....## ##......
#..... #P...... #....#
#....... % #....##
#...... ... ##.....#
#..†...
....##.....#######......
..>...55................
......S@5...............
....#####....###........
. ##...# ##....... #...#
#....... #...# #.......
#...# #.......
..######...####.......
...........P##....†...
......................


You could see a black mamba, a friendly iron imp, a friendly crimson imp and a
friendly white imp.

Vanquished Creatures
  Harold (D:9)
  A two-headed ogre (D:8)
  2 hippogriffs
  2 yaks
  3 hogs (D:7)
  A human (D:7)
  Edmund (D:5)
  2 orc warriors (D:6)
  3 black bears
  A phantom (D:6)
  2 ogres
  2 crocodiles (D:9)
  Blork the orc (D:6)
  4 bullfrogs
  A water moccasin skeleton (D:6)
  A scorpion (D:5)
  3 wights (D:7)
  3 howler monkeys (D:9)
  3 crimson imps
  2 hounds
  4 orc priests
  A centaur skeleton (D:6)
  2 centaur zombies
  An orc wizard (D:6)
  3 worker ants
  A killer bee zombie (D:6)
  2 hound skeletons
  A worker ant zombie (D:5)
  3 gnolls
  7 adders
  3 shadow imps
  3 worms
  2 dart slugs
  A leopard gecko (D:6)
  7 orcs
  6 giant cockroaches
  A gnoll zombie (D:8)
  4 goblins
  2 hobgoblins (D:3)
  3 jackals
  6 kobolds
  A quokka (D:5)
  5 bats
  2 frilled lizards
  A leopard gecko skeleton (D:6)
  A quokka skeleton (D:5)
  4 rats
116 creatures vanquished.

Vanquished Creatures (collateral kills)
  A hippogriff (D:7)
  Sigmund (D:3)
  A wyvern (D:8)
  A water moccasin (Lair:1)
  A porcupine (Lair:1)
  An orc warrior (D:6)
  3 ogres
  A centaur (D:8)
  2 bullfrogs
  2 wights (D:7)
  A howler monkey (D:6)
  A crimson imp (D:5)
  A hound (D:3)
  An orc wizard (D:7)
  A gnoll shaman (D:6)
  5 orc priests
  Natasha (thrice) (D:3)
  3 iguanas
  6 gnolls
  3 adders
  An adder zombie (D:9)
  A worm (D:2)
  5 leopard geckos
  23 orcs
  A giant cockroach (D:3)
  3 hobgoblins
  4 jackals
  5 kobolds
  A quokka (D:5)
  A ball python (D:5)
  A gnoll zombie (D:8)
  3 rats
88 creatures vanquished.

Vanquished Creatures (others)
  2 fungi (D:2)
2 creatures vanquished.

Grand Total: 206 creatures vanquished

Notes
Turn   | Place    | Note
-------+----------+-------------------------------------------
     0 | D:1      | Mrkan the Merfolk Summoner began the quest for the Orb.
     0 | D:1      | Reached XP level 1. HP: 13/13 MP: 3/3
   639 | D:1      | Reached XP level 2. HP: 16/20 MP: 5/5
   702 | D:1      | Learned a level 2 spell: Call Imp
  1398 | D:2      | Reached skill level 1 in Fighting
  1437 | D:2      | Found an iron altar of Okawaru.
  1454 | D:2      | Reached XP level 3. HP: 26/26 MP: 3/6
  2244 | D:2      | Reached XP level 4. HP: 17/32 MP: 7/7
  2532 | D:2      | Noticed a bullfrog
  2566 | D:2      | Killed a bullfrog
  2791 | D:2      | Found a blossoming altar of Fedhas.
  2802 | D:2      | Became a worshipper of Fedhas Madash
  2804 | D:2      | Noticed an oklob plant
  2991 | D:3      | Noticed Natasha
  3002 | D:3      | Killed Natasha
  3016 | D:3      | Reached XP level 5. HP: 38/38 MP: 5/9
  3031 | D:3      | Found a white marble altar of Elyvilon.
  3101 | D:3      | Reached skill level 5 in Dodging
  3120 | D:3      | Noticed Sigmund
  3144 | D:3      | Learned a level 4 spell: Summon Lightning Spire
  3215 | D:3      | Killed Sigmund
  3215 | D:3      | Reached XP level 6. HP: 22/46 MP: 1/10
  3224 | D:3      | Noticed Natasha
  3469 | D:3      | Killed Natasha
  3535 | D:3      | Found a blossoming altar of Fedhas.
  3766 | D:3      | Noticed Natasha
  3771 | D:3      | Killed Natasha
  3911 | D:3      | Reached * piety under Fedhas
  4048 | D:4      | Reached skill level 1 in Polearms
  4055 | D:4      | Found Ylucafre's Distillery.
  5010 | D:4      | Reached skill level 5 in Summonings
  5082 | D:5      | Entered Level 5 of the Dungeon
  5102 | D:5      | Reached XP level 7. HP: 52/52 MP: 11/11
  5110 | D:5      | Found a staircase to the Ecumenical Temple.
  5198 | D:5      | Noticed Edmund
  5245 | D:5      | Found Uwosoamuo's Food Shop.
  5246 | D:5      | Found Odghiorre's Antique Armour Boutique.
  5359 | D:5      | Reached ** piety under Fedhas
  5541 | D:5      | Reached skill level 1 in Air Magic
  5715 | D:5      | Found Uplada's Gadget Emporium.
  5794 | D:5      | Killed Edmund
  6235 | D:5      | Found Cetasch's Magic Scroll Emporium.
  6995 | D:5      | Bought a heavily runed helmet for 247 gold pieces
  7005 | D:5      | Identified the +1 helmet of Fortification {rElec rC+} (You
                  | bought it in a shop on level 5 of the Dungeon)
  7034 | D:6      | Reached XP level 8. HP: 60/60 MP: 6/12
  7105 | D:6      | Reached skill level 5 in Polearms
  7316 | D:6      | Found a shadowy altar of Dithmenos.
  7472 | D:6      | Reached *** piety under Fedhas
  7582 | D:6      | Noticed Blork the orc
  7645 | D:6      | Killed Blork the orc
  8123 | D:6      | Learned a level 3 spell: Conjure Flame
  8622 | D:6      | Reached skill level 5 in Fighting
  8813 | D:7      | Noticed a hippogriff
  8831 | D:6      | Killed a hippogriff
  9193 | D:7      | Noticed a hippogriff
  9204 | D:7      | Killed a hippogriff
  9204 | D:7      | Reached XP level 9. HP: 68/68 MP: 15/15
  9775 | D:7      | Reached **** piety under Fedhas
  9775 | D:7      | Reached skill level 5 in Air Magic
 10238 | D:7      | Found an ornate altar of the Wu Jian Council.
 10607 | D:8      | Reached skill level 5 in Spellcasting
 10747 | D:8      | Found a shattered altar of Ashenzari.
 11266 | D:8      | Noticed a two-headed ogre
 11284 | D:8      | Killed a two-headed ogre
 11284 | D:8      | Reached XP level 10. HP: 34/79 MP: 11/18
 11993 | D:8      | Found a basalt altar of Yredelemnul.
 12123 | D:9      | Found a glowing silver altar of Zin.
 12143 | D:9      | Noticed Harold
 12161 | D:9      | Killed Harold
 12161 | D:9      | Reached skill level 1 in Invocations
 12330 | D:9      | Found a bloodstained altar of Trog.
 12431 | D:9      | Found a staircase to the Lair.
 12816 | D:9      | Found a shimmering altar of Xom.
 12818 | D:9      | Found a shimmering altar of Xom.
 12819 | D:9      | Found a shimmering altar of Xom.
 12820 | D:9      | Found a shimmering altar of Xom.
 12820 | D:9      | Found a shimmering altar of Xom.
 12821 | D:9      | Found a shimmering altar of Xom.
 12821 | D:9      | Found a shimmering altar of Xom.
 12875 | D:9      | Found a staircase to the Orcish Mines.
 13391 | Lair:1   | Entered Level 1 of the Lair of Beasts
 13553 | Lair:1   | Noticed a black mamba
 13563 | Lair:1   | Slain by a black mamba

Levels and vault maps discovered:
D:1:      dpeg_arrival_shrine, layout_basic, serial_rivers,
          chequers_serial_rivers_room_b, chequers_serial_rivers_micro_e,
          chequers_serial_rivers_marsh, chequers_serial_rivers_micro_c,
          chequers_serial_rivers_small_a
D:2:      layout_loops_ring, old_standard_altar, serial_glass, glass_columns_a,
          glass_columns_c, tgw_fedhas
D:3:      layout_rooms, elyvilon_altar_5, lemuel_round_altar,
          grunt_ministairs_7, uniq_natasha, uniq_sigmund
D:4:      layout_cave_pods, serial_shops,
          nicolae_shop_competitors_out_of_business
D:5:      layout_basic, minmay_temple_entry_mist, first_ration, serial_shops,
          shop, shop, nicolae_shop_behind_doors, shop, uniq_edmund
D:6:      layout_loops_ring, basic_altar, uniq_blork_the_orc
D:7:      layout_rooms, old_standard_altar, grunt_livestock
D:8:      layout_layer_cave, lemuel_zombie_altar_yredelemnul,
          cheibrodos_ashenzari_chains, kennysheep_generic_room_5
D:9:      layout_roguey, lemuel_coloured_pillars_altar, trog_ov_bears_minmay,
          xom_redecorated, david_lair_generic, uniq_harold
Lair:1:   layout_small_grid, lightli_volcano_entry_magma_tube

Skill      XL: |  1  2  3  4  5  6  7  8  9 10 |
---------------+-------------------------------+-----
Dodging        | 3 4 5 6 8 9 |  9.2
Fighting       | 1 2 3 4 5 7 |  7.0
Spellcasting   | 3 4 5 6 |  6.0
Polearms       | 2 4 6 8 9 |  9.4
Summonings     | 5 |  5.7
Air Magic      | 2 4 5 |  5.0
Invocations    | 2 |  2.6
Stealth        | |  2.1

Action                   |  1- 3 |  4- 6 |  7- 9 | 10-12 || total
-------------------------+-------+-------+-------+-------++-------
Melee: Unarmed           |    26 |       |       |       ||    26
       Short sword       |    17 |       |       |       ||    17
       Spear             |    56 |    37 |       |       ||    93
       Scythe            |       |    74 |   325 |    78 ||   477
 Cast: Summon Small Mamm |     9 |       |     1 |       ||    10
       Call Imp          |     9 |    38 |   123 |    18 ||   188
       Summon Lightning  |       |       |    17 |     5 ||    22
  Use: Scroll            |       |     7 |     3 |     1 ||    11
       Potion            |       |       |     6 |     1 ||     7
 Stab: Sleeping          |     4 |     1 |     1 |       ||     6
       Distracted        |       |     1 |     4 |     2 ||     7
  Eat: Chunk             |     4 |     8 |    21 |     4 ||    37
       Ration            |       |     1 |     3 |     2 ||     6
Armor: Robe              |    10 |       |       |       ||    10
       Leather armour    |    27 |    36 |   111 |    20 ||   194
Dodge: Dodged            |   101 |   114 |   355 |    68 ||   638
